 Dungeon Crawl Stone Soup version 0.29.1-1-gd02db6906a (webtiles) character file.

Game seed: 1187303187254478540

86 fireball365 the Trooper (level 4, 0/41 HPs)
             Began as a Minotaur Fighter on Oct 17, 2022.
             Was a Believer of Cheibriados.
             Slain by Jessica
             ... wielding a +0 club
              (2 damage)
             ... on level 2 of the Dungeon.
             The game lasted 00:03:43 (1265 turns).

fireball365 the Trooper (Minotaur Fighter)          Turns: 1265, Time: 00:03:44

Health: 0/41       AC:  7    Str: 26    XL:     4   Next: 27%
Magic:  3/3        EV:  9    Int: 10    God:    Cheibriados [**....]
Gold:   55         SH:  5    Dex: 16    Spells: 3/3 levels left

rFire   . . .      SeeInvis .   a - +0 war axe
rCold   . . .      Faith    .   c - +0 buckler
rNeg    . . .      Spirit   .   b - +0 scale mail
rPois   .          Reflect  .   (helmet restricted)
rElec   .          Harm     .   e - scarf {repulsion}
rCorr   .          Rampage  .   (no gloves)
Will    .....                   (no boots)
Stlth   ..........              (no amulet)
HPRegen 0.13/turn               (no ring)
MPRegen 0.08/turn               (no ring)

@: repel missiles, very slow
A: horns 2, retaliatory headbutt
a: Renounce Religion, Bend Time


You were on level 2 of the Dungeon.
You worshipped Cheibriados.
Cheibriados was pleased with you.
You visited 1 branch of the dungeon, and saw 2 of its levels.

You collected 55 gold pieces.

Inventory:

Hand Weapons
 a - a +0 war axe (weapon)
Missiles
 k - 6 javelins (quivered)
 n - 4 stones
Armour
 b - a +0 scale mail (worn)
 c - a +0 buckler (worn)
 e - a scarf of repulsion (worn)
 f - a +0 pair of boots
 m - a +1 helmet
Scrolls
 h - 2 scrolls of fear {unknown}
 i - a scroll of blinking {unknown}
 l - a scroll of fog {unknown}
 q - 2 scrolls of poison {unknown}
 r - a scroll of immolation {unknown}
Potions
 d - a potion of might
 g - a potion of haste {unknown}
 j - 2 potions of curing {unknown}
 o - a potion of ambrosia {unknown}
 p - a potion of flight {unknown}
 s - a potion of attraction {unknown}


   Skills:
 + Level 4.6 Fighting
 + Level 3.0 Axes
 + Level 4.3 Armour
 + Level 0.1 Dodging
 + Level 4.5 Shields


You had 3 spell levels left.
You didn't know any spells.
Your spell library was empty.

Dungeon Overview and Level Annotations

Branches:
Dungeon (2/15)

Altars:
Cheibriados
Yredelemnul

Annotations:
D:2 Jessica


Innate Abilities, Weirdness & Mutations

You have a pair of horns on your head.
You reflexively headbutt those who attack you in melee.


Message History

You block the hobgoblin's attack.
You barely miss the hobgoblin.
The hobgoblin is severely wounded.
The hobgoblin hits you but does no damage.
You block the hobgoblin's attack.
You slash the hobgoblin!
You kill the hobgoblin!
Cheibriados appreciates the change of pace.
You now have 55 gold pieces (gained 12).
No target in view!
Jessica the Apprentice Sorceress comes into view.
She is wielding a +0 club and wearing a +1 robe of positive energy.
Jessica shouts!
Jessica mumbles some strange words.
Jessica blinks!
Jessica mumbles something strange.
Jessica gestures wildly while chanting.
Jessica blinks!
Jessica barely misses you. Jessica hits you with a +0 club.
Jessica casts a spell at you. Pain shoots through your body!
Jessica mumbles some strange words.
Jessica seems to speed up.
Jessica gestures wildly while chanting.
Jessica blinks!
Jessica casts a spell at you. Pain shoots through your body!
* * * LOW HITPOINT WARNING * * *
Jessica completely misses you. You block Jessica's attack.
Jessica casts a spell.
Jessica blinks!
Jessica casts a spell.
Jessica blinks!
Jessica casts a spell at you. Pain shoots through your body!
* * * LOW HITPOINT WARNING * * *
Jessica hits you with a +0 club.
* * * LOW HITPOINT WARNING * * *
Jessica hits you with a +0 club.
You die...

##### #...#######
#.#....@#.##
#...###@...#####
##.#............
#.#.......#####
#####.#.......##
###......†.......#
#.......#.......##
#.#.#####.......#
# #.# #.......#


You could see Jessica (fast).

Vanquished Creatures
  An orc priest (D:2)
  An adder (D:2)
  A dart slug (D:1)
  4 orcs (D:2)
  4 endoplasms (D:1)
  2 giant cockroaches (D:1)
  3 goblins
  4 hobgoblins
  3 jackals (D:1)
  3 quokkas
  3 ball pythons
  2 bats (D:1)
  A frilled lizard (D:2)
  5 kobolds
  A rat (D:1)
38 creatures vanquished.

Notes
Turn   | Place    | Note
-------+----------+-------------------------------------------
     0 | D:1      | fireball365 the Minotaur Fighter began the quest for the
                  | Orb.
     0 | D:1      | Reached XP level 1. HP: 19/19 MP: 0/0
    86 | D:1      | Found a faded altar of an unknown god.
    99 | D:1      | Prayed at the altar of an unknown god.
    99 | D:1      | Became a worshipper of Cheibriados the Contemplative
    99 | D:1      | Reached * piety under Cheibriados
   113 | D:1      | Reached XP level 2. HP: 27/27 MP: 1/1
   635 | D:1      | Reached ** piety under Cheibriados
   636 | D:1      | Reached XP level 3. HP: 33/33 MP: 2/2
   873 | D:2      | Found a basalt altar of Yredelemnul.
  1135 | D:2      | Reached XP level 4. HP: 18/41 MP: 3/3
  1243 | D:2      | Noticed Jessica
  1264 | D:2      | HP: 2/41 [Jessica/+0 club (2)]
  1265 | D:2      | Slain by Jessica

Illustrated notes

Levels and vault maps discovered:
D:1:      sevenhm_arrival_forest_fort_small_3, layout_loops_ring,
          ebering_ecumenical_altar_hall
D:2:      layout_loops_ring, serial_shops, nicolae_diamond_shop, basic_altar,
          uniq_crazy_yiuf_cottage, uniq_jessica

Skill      XL: |  1  2  3 |
---------------+----------+-----
Shields        | 4 |  4.5
Fighting       | 4 |  4.6
Armour         | 4 |  4.3
Axes           | 3 |  3.0
Dodging        | |  0.1

Action                   |  1- 3 |  4- 6 || total
-------------------------+-------+-------++-------
Melee: War axe           |    60 |     6 ||    66
       Headbutt          |     7 |     2 ||     9
Armor: Scale mail        |    37 |     7 ||    44
Dodge: Dodged            |    38 |     5 ||    43
Block: Buckler           |    29 |     4 ||    33
